 Dungeon Crawl Stone Soup version 0.30-a0-824-g6c64550be9 (webtiles) character file.

Game seed: 7030966283845321544

4 Pimp the Insei (level 1, -1/13 HPs)
             Began as an Octopode Transmuter on Feb 27, 2023.
             Slain by a kobold
             ... wielding a +2 dagger of venom
              (3 damage)
             ... on level 1 of the Dungeon.
             The game lasted 00:00:13 (122 turns).

Pimp the Insei (Octopode Transmuter)                 Turns: 122, Time: 00:00:14

Health: -1/13      AC:  1    Str:  9    XL:     1   Next: 60%
Magic:  3/3        EV: 13    Int: 15    God:
Gold:   11         SH:  0    Dex: 12    Spells: 3/4 levels left

rFire   . . .      SeeInvis .    c - +0 short sword
rCold   . . .      Faith    .    (no shield)
rNeg    . . .      Spirit   .    (helmet restricted)
rPois   .          Reflect  .    (no amulet)
rElec   .          Harm     .    (no ring)
rCorr   .          Rampage  .    (no ring)
Will    .....                    (no ring)
Stlth   ++                       (no ring)
HPRegen 0.22/turn                (no ring)
MPRegen 0.08/turn                (no ring)
                                 (no ring)
                                 (no ring)

@: lethally poisoned (-1 -> -15)
A: almost no armour, amphibious, 8 rings, camouflage 1, gelatinous body 1,
(nimble swimmer 1), tentacles
a: no special abilities


You were on level 1 of the Dungeon.
You visited 1 branch of the dungeon, and saw 1 of its levels.

You collected 11 gold pieces.

Inventory:

Hand Weapons
 c - a +0 short sword (weapon)
Potions
 a - a potion of lignification
 b - a potion of curing {unknown}


   Skills:
 + Level 1.1 Fighting
 + Level 2.0 Dodging
 + Level 3.0 Unarmed Combat
 + Level 2.0 Spellcasting
 + Level 2.0 Transmutations


You had 3 spell levels left.
You knew the following spells:

 Your Spells              Type           Power      Damage    Failure   Level
a - Beastly Appendage     Tmut           14%        N/A       10%         1

Your spell library contained the following spells:

 Spells                   Type           Power      Damage    Failure   Level
 Wereblood                Tmut           7%         N/A       14%         2
 Spider Form              Tmut/Pois      4%         N/A       41%         3
 Ice Form                 Ice/Tmut       4%         N/A       82%         4


Dungeon Overview and Level Annotations

Branches:
Dungeon (1/15)

Altars:


Innate Abilities, Weirdness & Mutations

You cannot wear most types of armour.
You are amphibious.
You can wear up to eight rings at the same time.
Your skin changes colour to match your surroundings (Stealth+).
Your rubbery body absorbs attacks. (AC +1, EV +1)
((You are camouflaged when in or above water. (Stealth+)))
You have tentacles for arms and can constrict up to eight enemies at once.


Message History

You tentacle-slap the giant cockroach. You grab the giant cockroach.
Your tentacle-slap misses the giant cockroach.
The giant cockroach is heavily wounded.
You constrict the giant cockroach. The giant cockroach bites you.
You tentacle-slap the giant cockroach.
You kill the giant cockroach!
HP restored.
Found a short sword.
You now have 11 gold pieces.
A bat comes into view.
You see here a +0 short sword.
c - a +0 short sword
c - a +0 short sword (weapon)
2 kobolds come into view.
A kobold is wielding a +1 short sword of venom.
A kobold is wielding a +2 dagger of venom.
Found a leather armour.
The helpless bat fails to defend itself.
You hit the bat. You grab the bat.
The bat is moderately wounded.
You constrict the bat. The bat closely misses you.
The bat escapes!
You hit the bat.
You kill the bat!
You hit the kobold but do no damage. Your grab misses the kobold.
The kobold shouts!
The kobold completely misses you.
You barely miss the kobold. Your grab misses the kobold.
The kobold hits you with a +2 dagger of venom.
You are poisoned.
You barely miss the kobold. You grab the kobold. You constrict the kobold.
You feel sick. The kobold closely misses you. x2
You closely miss the kobold. Your grab misses the kobold.
Your squeeze misses the kobold. You constrict the kobold.
You kill the kobold!
You feel sick.
The kobold hits you with a +2 dagger of venom.
You are lethally poisoned!
* * * LOW HITPOINT WARNING * * *
You feel very sick.
The kobold hits you with a +2 dagger of venom.
You die...

#.#. #.......#
#.#.###.#####.##.
#.##....# ...
#.......# ...
#####.#.# .#
#.#.#####.#
#.#.......##.###
#.####.K........
..# #..@.....###
.## #.##.##### .
#. #.# #[ #.# #.
#.# #. #.. ###


You could see a kobold.

Vanquished Creatures
  A bat (D:1)
  A giant cockroach (D:1)
  A kobold (D:1)
3 creatures vanquished.

Notes
Turn   | Place    | Note
-------+----------+-------------------------------------------
     0 | D:1      | Pimp the Octopode Transmuter began the quest for the Orb.
     0 | D:1      | Reached XP level 1. HP: 13/13 MP: 3/3
   122 | D:1      | Slain by a kobold

Illustrated notes

Levels and vault maps discovered:
D:1:      dpeg_arrival_orchard, layout_loops_ring

Action                     || total
---------------------------++-------
  Melee: Short sword       ||     6
         Unarmed           ||     4
         Constrict         ||     3
   Stab: Sleeping          ||     1
  Dodge: Dodged            ||     5

Table legend: (Time is in decaauts)
 A = Elapsed time spent in this place.
 B = Non-inter-level travel time spent in this place.
 C = Inter-level travel time spent in this place.
 D = Time resting spent in this place.
 E = Time spent auto-exploring this place.
 F = Levels seen in this place.
 G = Mean time per level.
                   A        B        C        D        E       F      G
               +--------+--------+--------+--------+--------+-----+--------+
         Total |    121 |    121 |      0 |      0 |     89 |   1 |  121.0 |
       Dungeon |    121 |    121 |      0 |      0 |     89 |   1 |  121.0 |
               +--------+--------+--------+--------+--------+-----+--------+

Top non-repeatable levels by time:
     D:1: 121 daAuts
